 Dungeon Crawl Stone Soup version 0.31.0-12-g77e489cdc1 (webtiles) character file.

Game seed: 16242188347424338427

53 Buffagor the Trooper (level 3, -7/34 HPs)
             Began as a Naga Fighter on Feb 17, 2024.
             Mangled by a gnoll
             ... wielding a +0 flail
              (11 damage)
             ... on level 2 of the Dungeon.
             The game lasted 00:02:41 (862 turns).

Buffagor the Trooper (Naga Fighter)                  Turns: 862, Time: 00:02:42

Health: -7/34      AC:  5    Str: 18    XL:     3   Next: 87%
Magic:  3/3        EV:  7    Int:  8    God:
Gold:   53         SH:  4    Dex: 12    Spells: 2/2 levels left

rFire   . . .        a - +0 war axe
rCold   . . .        c - +0 buckler
rNeg    . . .        h - +0 scale mail
rPois   +            (no helmet)
rElec   .            (no cloak)
rCorr   .            g - +0 pair of gloves
SInv    +            (no barding)
Will    .....        (no amulet) Stlth
                     (no ring)
HPRegen 0.25/turn    (no ring)
MPRegen 0.08/turn

%: no passive effects
@: mighty, very slow
A: AC +1, large, see invisible, deformed body, poison resistance, slowness 2,
spit poison 1, naga tail 1
a: Spit Poison


You were on level 2 of the Dungeon.
You visited 1 branch of the dungeon, and saw 2 of its levels.

You collected 53 gold pieces.

Inventory:

Hand Weapons
 a - a +0 war axe (weapon)
 b - a +0 sling
Armour
 c - a +0 buckler (worn)
 g - a +0 pair of gloves (worn)
 h - a +0 scale mail (worn)
Scrolls
 e - a scroll of enchant armour {unknown}
 f - a scroll of blinking {unknown}
Potions
 d - a potion of might


   Skills:
 + Level 3.4 Fighting
 + Level 2.6 Axes
 + Level 2.8 Armour
 + Level 3.1 Shields


You had 2 spell levels left.
You didn't know any spells.
Your spell library was empty.

Dungeon Overview and Level Annotations

Branches:
Dungeon (2/15)

Altars:

Shops:
D:1 *


Innate Abilities, Weirdness & Mutations

Your serpentine skin is tough. (AC +1)
You have supernaturally acute eyesight. (SInv)
Armour fits poorly on your strangely shaped body.
Your system is resistant to poisons. (rPois)
You cover ground very slowly.
You can spit poison.
You have a snake-like lower body.


Message History

There is a stone staircase leading down here.
Found a leather armour.
A quokka comes into view.
The quokka twitches its whiskers.
The splash of poison hits the quokka!
The quokka is poisoned.
You kill the quokka!
Found a stone staircase leading down.
You have got your breath back.
You see here a quokka corpse.
A kobold comes into view. It is wielding a +0 club.
The kobold shouts!
The splash of poison hits the kobold.
The kobold is poisoned.
You kill the kobold!
You now have 53 gold pieces (gained 7).
An endoplasm and a gnoll come into view.
The endoplasm quivers.
The gnoll shouts!
A gnoll comes into view. It is wielding a +0 flail.
The gnoll moves out of view.
A gnoll comes into view. It is wielding a +0 flail.
A gnoll comes into view. It is wielding a +0 whip.
You have got your breath back.
The gnoll shouts! x3
b - a +0 sling (weapon)
You shoot a sling bullet. The sling bullet hits the endoplasm.
You kill the endoplasm!
You shoot a sling bullet.
The sling bullet barely misses the gnoll.
You shoot a sling bullet. The sling bullet hits the gnoll.
The gnoll is lightly wounded.
The gnoll hits you with a +0 flail! x2
a - a +0 war axe (weapon)
You are too injured to fight recklessly!
Unknown command.
You feel very mighty all of a sudden. You block the gnoll's attack.
The gnoll hits you with a +0 whip!
* * * LOW HITPOINT WARNING * * *
You barely miss the gnoll. You hit the gnoll.
The gnoll hits you with a +0 flail!
You die...

## ... .... .....
##########g.....
#...)...@g......
#.####..#g##+###
#..#.# #.####..#.#
#....>..#.# #
.#######†#.# #≈
...........# #≈##
##############.######.
#≈≈#
#.....................
#≈≈≈


You could see 3 gnolls.

Vanquished Creatures
  An adder (D:2)
  3 ball pythons
  2 bats
  4 endoplasms
  A giant cockroach (D:1)
  5 hobgoblins
  8 jackals
  2 kobolds (D:2)
  3 quokkas
  2 frilled lizards (D:1)
  3 goblins
  2 rats
36 creatures vanquished.

Notes
Turn   | Place    | Note
-------+----------+-------------------------------------------
     0 | D:1      | Buffagor the Naga Fighter began the quest for the Orb.
     0 | D:1      | Reached XP level 1. HP: 21/21 MP: 1/1
     9 | D:1      | Found Sow Jear's General Store.
   233 | D:1      | Reached XP level 2. HP: 28/28 MP: 2/2
   449 | D:1      | Reached XP level 3. HP: 33/34 MP: 3/3
   862 | D:2      | Mangled by a gnoll

Illustrated notes

Levels and vault maps discovered:
D:1:      nzn_arrival_water_spiral, layout_rooms, serial_shops,
          nicolae_shop_peninsula, nrook_uturn, serial_bayou_crossing
D:2:      layout_basic, chequers_garden, chequers_serial_rivers_large_a

Skill      XL: |  1  2 |
---------------+-------+-----
Shields        | 3 |  3.1
Fighting       | |  3.4
Axes           | |  2.6
Armour         | |  2.8

Action                     || total
---------------------------++-------
  Melee: War axe           ||    56
   Fire: Sling             ||     6
Ability: Spit Poison       ||    18
    Use: Potion            ||     1
 Armour: Scale mail        ||    52
  Dodge: Dodged            ||    28
  Block: Buckler           ||    15
